 Dungeon Crawl Stone Soup version 0.19-a0-1025-g778f431 (webtiles) character file.

20 mrath the Digger (level 2, 0/15 HPs)
             Began as a Gargoyle Earth Elementalist on July 28, 2016.
             Slain by a hobgoblin
             ... wielding a +0 club
              (6 damage)
             ... on level 1 of the Dungeon.
             The game lasted 00:03:11 (538 turns).

mrath the Digger (Gargoyle Earth Elementalist)       Turns: 538, Time: 00:03:12

Health: 0/15       AC:  4    Str: 11    XL:     2   Next: 79%
Magic:  1/5        EV: 12    Int: 15    God:
Gold:   38         SH:  0    Dex: 10    Spells: 1 memorised, 5 levels left

rFire  . . .     SeeInvis .     g - +0 mace
rCold  . . .     Gourm    .     c - +0 robe
rNeg   + . .     Faith    .     (no shield)
rPois  ∞         Spirit   .     (no helmet)
rElec  +         Dismiss  .     (no cloak)
rCorr  .         Reflect  .     (no gloves)
SustAt .         Harm     .     (no boots)
MR     .....                    (no amulet)
Stlth  ++........               (no ring)
                                (no ring)

@: not resistant to hostile enchantments, unstealthy
A: negative energy resistance 1, electricity resistance, unbreathing,
petrification resistance, rot immunity, AC +2
a: no special abilities


You were on level 1 of the Dungeon.
You were not hungry.

You visited 1 branch of the dungeon, and saw 1 of its levels.

You collected 38 gold pieces.

Inventory:

Hand Weapons
 g - a +0 mace (weapon)
 k - a +0 hunting sling
Missiles
 b - 16 stones (quivered)
 j - 11 sling bullets
Armour
 c - a +0 robe (worn)
Potions
 a - a potion of mutation {unknown}
 f - a potion of degeneration {unknown}
 i - a potion of invisibility {unknown}
Books
 e - a book of Geomancy

   Spells                             Type                      Level
   a - Sandblast                      Earth                        1
   b - Passwall                       Transmutation/Earth          2
   c - Stone Arrow                    Conjuration/Earth            3
   d - Petrify                        Transmutation/Earth          4
   e - Lee's Rapid Deconstruction     Earth                        5
Comestibles
 d - a bread ration
 h - a chunk of flesh
 l - a beef jerky


   Skills:
 - Level 1.5 Dodging
 - Level 2.1 Stealth
 * Level 2.8 Spellcasting
   Level 0.7 Transmutations
 + Level 3.9 Earth Magic


You had 5 spell levels left.
You knew the following spells:

 Your Spells              Type           Power        Failure   Level  Hunger
a - Sandblast             Erth           ##....       4%          1    #......


Dungeon Overview and Level Annotations

Branches:
Dungeon (1/15)

Altars:


Innate Abilities, Weirdness & Mutations

You are resistant to torment.
Your stone body is resilient. (AC +2)
You are immune to poison.
You resist negative energy. (rN+)
You are resistant to electric shocks. (rElec)
You can survive without breathing.
You are immune to petrification.
You are immune to rotting.


Message History

You hit the hobgoblin.
The hobgoblin is heavily wounded.
The hobgoblin hits you but does no damage.
The hobgoblin barely misses you.
You barely miss the hobgoblin.
The hobgoblin is heavily wounded.
The hobgoblin hits you with a club.
You barely miss the hobgoblin.
The hobgoblin is heavily wounded.
The hobgoblin hits you with a club.
The hobgoblin hits you but does no damage.
Casting: Sandblast
Confirm with . or Enter, or press ? or * to list all spells.
Aiming: Sandblast
Press: ? - help, Shift-Dir - straight line, f - hobgoblin
Aim: a hobgoblin, wielding a club (heavily wounded)
The blast of sand hits the hobgoblin.
The hobgoblin is severely wounded.
The hobgoblin hits you with a club.
You die...

.............#######
......................
.....#######.##....#.# .....#
#####.##....#.# .## .....#
#...........#.# #..#
.....###.......#####.# #..##
.......).......# #.# #...#
.....###.......#####.###...####
.....# #........@gJ...........#
..÷..# #.......######..K......#
.....# #.......# #.........#
.....# #.......# #.........#
.....# #.......# #...w.....#
.....# #.......# ####.##.####
.....# #.......# #g# ....
.....# ####.#### #.#..###.
.....######.# #(....g..


You could see an ooze, a hobgoblin and a kobold.

Vanquished Creatures
  A dart slug (D:1)
  A giant gecko (D:1)
  4 bats (D:1)
  2 goblins (D:1)
  3 hobgoblins (D:1)
  3 jackals (D:1)
14 creatures vanquished.

Notes
Turn   | Place    | Note
-------+----------+-------------------------------------------
     0 | D:1      | mrath the Gargoyle Earth Elementalist began the quest for the Orb.
     0 | D:1      | Reached XP level 1. HP: 10/10 MP: 3/3
   161 | D:1      | Reached XP level 2. HP: 14/15 MP: 0/5
   538 | D:1      | Slain by a hobgoblin

Vault maps used:
D:1:      eino_arrival_cavern_a, minmay_tromino_i2

Action                   || total
-------------------------++-------
Melee: Mace              ||    15
 Cast: Sandblast         ||    23
Armor: Robe              ||    16
Dodge: Dodged            ||    35
